 Dungeon Sprint DCSS version 0.28-a0-1447-ga5a8893891 (webtiles) character file.

Game seed: 5895008714679877204

436 mhtbhm the Protected (level 6, -9/96 HPs)
             Began as a Minotaur Fighter on Jan 12, 2022.
             Was an Initiate of Gozag.
             Killed from afar by a molten gargoyle (13 damage)
             ... with a bolt of magma
             ... in the Dungeon (Sprint VII: "The Pits").
             The game lasted 00:01:22 (416 turns).

mhtbhm the Protected (Minotaur Fighter)              Turns: 416, Time: 00:01:22

Health: -9/96      AC: 14    Str: 23    XL:     6   Next: 69%
Magic:  5/5        EV:  8    Int:  5    God:    Gozag
Gold:   729        SH:  6    Dex:  9    Spells: 5/5 levels left

rFire   . . .      SeeInvis .   a - +2 hand axe
rCold   . . .      Faith    .   c - +0 buckler
rNeg    . . .      Spirit   .   b - +3 chain mail
rPois   .          Reflect  .   (helmet restricted)
rElec   .          Harm     .   (no cloak)
rCorr   .          Rampage  .   (no gloves)
Will    .....      NoTele   +   (no boots)
Stlth   ..........              (no amulet)
HPRegen 0.26/turn               (no ring)
MPRegen 0.09/turn               (no ring)

@: berserking, gold aura, very quick
A: horns 2, retaliatory headbutt
a: Renounce Religion, Potion Petition, Call Merchant, Bribe Branch


You were in the Dungeon.
You worshipped Gozag.
Gozag was pleased with you.
You visited 1 branch You collected 729 gold pieces.

Inventory:

Hand Weapons
 a - a +2 hand axe (weapon)
Armour
 b - a +3 chain mail (worn)
 c - a +0 buckler (worn)
Scrolls
 j - a scroll of blinking
 l - 5 scrolls of amnesia
 m - a scroll of summoning
Potions
 d - a potion of might
 e - 6 potions of curing
 f - 3 potions of heal wounds
 g - a potion of haste
 h - 4 potions of magic
 i - 2 potions of berserk rage
 k - 2 potions of invisibility


   Skills:
 + Level 9.4 Fighting
 + Level 7.9 Axes
 + Level 10.1 Armour
 + Level 2.2 Dodging
 + Level 9.2 Shields


You had 5 spell levels left.
You didn't know any spells.
Your spell library was empty.

Dungeon Overview and Level Annotations

Branches:
Dungeon (1/1)

Altars:
Ashenzari
Cheibriados
Dithmenos
Elyvilon
Fedhas
Gozag
Hepliaklqana
Kikubaaqudgha
Makhleb
Nemelex Xobeh
Okawaru
Qazlal
Ru
Sif Muna
Trog
Uskayaw
Vehumet
Wu Jian
Xom
Yredelemnul
Zin
The Shining One
Beogh
Jiyva
Lugonu


Innate Abilities, Weirdness & Mutations

You have a pair of horns on your head.
You reflexively headbutt those who attack you in melee.


Message History

* * * LOW HITPOINT WARNING * * *
You are too injured to fight recklessly!
You are too injured to fight recklessly!
You are too injured to fight recklessly!
You are too injured to fight recklessly!
You are too injured to fight recklessly!
You are too injured to fight recklessly!
You are too injured to fight recklessly!
You are too injured to fight recklessly!
You are too injured to fight recklessly!
You are too injured to fight recklessly!
You are too injured to fight recklessly!
You are too injured to fight recklessly!
Unknown command.
You feel much better.
The molten gargoyle hits you with a +0 flail.
You are engulfed in flames!
A red film seems to cover your vision as you go berserk!
You feel yourself moving faster!
You feel mighty! You block the molten gargoyle's attack.
You hit the molten gargoyle but do no damage.
You headbutt the molten gargoyle, but do no damage.
The molten gargoyle is lightly damaged.
The molten gargoyle hits you with a +0 flail!
You are engulfed in flames!
* * * LOW HITPOINT WARNING * * *
You slice the molten gargoyle!!
The molten gargoyle is severely damaged.
The molten gargoyle blasts magma at you!
The bolt of magma hits you!!
* * * LOW HITPOINT WARNING * * *
You hit the molten gargoyle.
Your headbutt misses the molten gargoyle.
The molten gargoyle is almost destroyed.
You hit the molten gargoyle.
The molten gargoyle is almost destroyed.
The molten gargoyle blasts magma at you!
The bolt of magma hits you!
You die...
Your body crumbles into a pile of gold.

#.#..#.)))[##.......#
#'###########.......#
#..#.#.## #########
#.......# ##.#.#.##
#.......#+#
##.#.#.##.+
#.......#9#
##.#.#..'@#
##########


You could see a molten gargoyle.

Vanquished Creatures
  2 fire bats (D)
  A phantom (D)
  A jelly (D)
  An iron imp (D)
  A gnoll (D)
  An ufetubus (D)
  An orc (D)
  A ball python (D)
  A bat skeleton (D)
  A giant cockroach (D)
  2 hobgoblins (D)
  A kobold (D)
  A ball python zombie (D)
  A frilled lizard (D)
16 creatures vanquished.

Notes
Turn   | Place    | Note
-------+----------+-------------------------------------------
     0 | D        | mhtbhm the Minotaur Fighter began the quest for the Orb.
     0 | D        | Reached XP level 1. HP: 19/19 MP: 0/0
    20 | D        | Found a bloodstained altar of Trog.
    20 | D        | Found a shimmering blue altar of Sif Muna.
    20 | D        | Found a viscous altar of Jiyva.
    20 | D        | Found a hazy altar of Hepliaklqana.
    20 | D        | Found an opulent altar of Gozag.
    21 | D        | Found a glowing golden altar of the Shining One.
    21 | D        | Found a glowing silver altar of Zin.
    21 | D        | Found a basalt altar of Yredelemnul.
    21 | D        | Found a shimmering altar of Xom.
    21 | D        | Found an ornate altar of the Wu Jian Council.
    21 | D        | Found a sacrificial altar of Ru.
    21 | D        | Found a stormy altar of Qazlal.
    21 | D        | Found an iron altar of Okawaru.
    21 | D        | Found a sparkling altar of Nemelex Xobeh.
    21 | D        | Found a burning altar of Makhleb.
    21 | D        | Found a blossoming altar of Fedhas.
    21 | D        | Found a white marble altar of Elyvilon.
    21 | D        | Found a shadowy altar of Dithmenos.
    21 | D        | Found a snail-covered altar of Cheibriados.
    23 | D        | Found a radiant altar of Vehumet.
    23 | D        | Found a corrupted altar of Lugonu.
    24 | D        | Found a hide-covered altar of Uskayaw.
    24 | D        | Found an ancient bone altar of Kikubaaqudgha.
    24 | D        | Found a broken altar of Ashenzari.
    28 | D        | Became a worshipper of Gozag Ym Sagoz the Greedy
    72 | D        | Reached skill level 4 in Armour
    86 | D        | Reached XP level 2. HP: 28/28 MP: 1/1
    91 | D        | Reached skill level 5 in Fighting
    91 | D        | Reached skill level 5 in Armour
   139 | D        | Reached skill level 5 in Shields
   153 | D        | Reached XP level 3. HP: 28/37 MP: 2/2
   267 | D        | Reached skill level 6 in Armour
   267 | D        | Reached XP level 4. HP: 40/45 MP: 3/3
   298 | D        | Noticed a fire bat
   301 | D        | Noticed a phantom
   308 | D        | Noticed a fire bat
   317 | D        | Killed a fire bat
   318 | D        | Reached skill level 8 in Armour
   318 | D        | Reached skill level 1 in Dodging
   318 | D        | Reached XP level 5. HP: 40/53 MP: 4/4
   321 | D        | Killed a phantom
   322 | D        | Reached skill level 9 in Armour
   322 | D        | Reached XP level 6. HP: 48/62 MP: 5/5
   326 | D        | Killed a fire bat
   327 | D        | Reached skill level 10 in Armour
   406 | D        | Noticed a molten gargoyle
   414 | D        | HP: 4/96 [molten gargoyle/bolt of magma (24)]
   416 | D        | Killed from afar by a molten gargoyle

Illustrated notes

Levels and vault maps discovered:
D:        pitsprint [storerooms_1, entrance_room_1, metal_vault_3, armoury_2,
          mini_pit_1, grid_room_1, main_hall_1, silver_pit, the_coven_1,
          the_vestibule_1, steel_vault_4, golden_pit, hallway_of_sentries,
          crystal_vault_2, iron_vault_1, final_vault]

Skill      XL: |  1  2  3  4  5  6 |
---------------+-------------------+-----
Fighting       | 4 5 6 8 9 |  9.4
Armour         | 4 5 6 8 9 10 | 10.1
Shields        | 4 5 6 8 9 |  9.2
Axes           | 3 4 6 7 |  7.9
Dodging        | 1 2 |  2.2

Action                   |  1- 3 |  4- 6 || total
-------------------------+-------+-------++-------
Melee: Hand axe          |    22 |    28 ||    50
       War axe           |     3 |       ||     3
       Headbutt          |     2 |     7 ||     9
  Use: Potion            |       |     4 ||     4
Armor: Scale mail        |     6 |       ||     6
       Chain mail        |     2 |    39 ||    41
Dodge: Dodged            |    10 |    15 ||    25
Block: Buckler           |     6 |     9 ||    15

Table legend: (Time is in decaauts)
 A = Elapsed time spent in this place.
 B = Non-inter-level travel time spent in this place.
 C = Inter-level travel time spent in this place.
 D = Time resting spent in this place.
 E = Time spent auto-exploring this place.
 F = Levels seen in this place.
 G = Mean time per level.
                   A        B        C        D        E       F      G
               +--------+--------+--------+--------+--------+-----+--------+
         Total |    421 |    421 |      0 |    124 |     58 |   1 |  421.0 |
       Dungeon |    421 |    421 |      0 |    124 |     58 |   1 |  421.0 |
               +--------+--------+--------+--------+--------+-----+--------+

Top non-repeatable levels by time:
       D: 421 daAuts
